 Dungeon Crawl Stone Soup version 0.21.0-3-g78d12a8 (webtiles) character file.

551 Ignatius881 the Firebug (level 7, -12/36 HPs)
             Began as a Deep Elf Fire Elementalist on Jan 9, 2018.
             Shot with an arrow by a centaur (14 damage)
             ... on level 5 of the Dungeon.
             The game lasted 00:25:54 (7508 turns).

Ignatius881 the Firebug (DEFE)                      Turns: 7508, Time: 00:25:55

Health: -12/36     AC:  2    Str:  5    XL:     7   Next: 7%
Magic:  3/16       EV: 14    Int: 21    God:
Gold:   256        SH:  0    Dex: 16    Spells: 6/16 levels left

rFire    . . .     SeeInvis .   (no weapon)
rCold    + . .     Gourm    .   (no shield)
rNeg     . . .     Faith    .   a - +0 robe
rPois    .         Spirit   .   (no helmet)
rElec    .         Reflect  .   (no cloak)
rCorr    .         Harm     .   (no gloves)
MR       .....                  (no boots)
Stlth    +++.......             (no amulet)
HPRegen  0.12/turn              o - ring of protection from cold
MPRegen  0.15/turn              (no ring)

@: no status effects
A: no striking features
a: no special abilities


You were on level 5 of the Dungeon.
You were not hungry.

You visited 1 branch of the dungeon, and saw 5 of its levels.

You collected 256 gold pieces.

Inventory:

Missiles
 n - 2 throwing nets {!f}
 p - 153 stones (quivered)
Armour
 a - a +0 robe (worn)
 q - a +0 helmet
   (You took it off Robin on level 3 of the Dungeon)
Jewellery
 o - a ring of protection from cold (left hand)
   (You found it on level 3 of the Dungeon)
 t - an uncursed amulet of rage {unknown}
   (You found it on level 4 of the Dungeon)
Scrolls
 d - 2 scrolls of fear {unknown}
 g - a scroll of enchant armour
 i - 2 scrolls of enchant weapon
 j - 2 scrolls of fog
 l - a scroll of amnesia
 m - 2 scrolls of remove curse {@r2}
 r - a scroll of identify {@r1}
 s - a scroll of magic mapping {unknown}
Potions
 c - a potion of agility
 f - 3 potions of curing {unknown}
 h - 4 potions of lignification {unknown}
 k - 3 potions of heal wounds {unknown}
Books
 b - a book of Flames
Comestibles
 e - 5 rations


   Skills:
 - Level 3.8 Dodging
 - Level 3.8 Stealth
 + Level 5.1 Spellcasting
 * Level 4.5 Conjurations
 + Level 5.6 Fire Magic


You had 6 spell levels left.
You knew the following spells:

 Your Spells              Type           Power        Failure   Level  Hunger
a - Flame Tongue          Conj/Fire      ####.        1%          1    None
b - Throw Flame           Conj/Fire      ####..       1%          2    None
d - Conjure Flame         Conj/Fire      ####....     4%          3    ##.....
q - Sticky Flame          Conj/Fire      ####....     13%         4    ####...


Dungeon Overview and Level Annotations

Branches:
Dungeon (5/15)             Temple (0/1) D:4

Altars:
Cheibriados
Wu Jian
Xom

Shops:
D:5 [


Message History

Done exploring.
You can't go down here!
There is a stone staircase leading down here.
You climb downwards.
There is a stone staircase leading up here.
Found 22 stones.
Found an escape hatch in the ceiling.
Found 8 gold pieces.
Found Popliaf's Armour Shop.
p - 153 stones (gained 22)
There is an escape hatch in the ceiling here.
There is an entrance to Popliaf's Armour Shop here.
Found a ration.
Found a mace.
You now have 256 gold pieces (gained 8).
e - 5 rations (gained 1)
A leopard gecko comes into view.
You can't go up here!
Aim: a leopard gecko (clinging)
The puff of flame hits the leopard gecko.
You kill the leopard gecko!
You start resting.
You open the door.
There is an open door here.
Found a stone staircase leading down.
Found a ration.
An adder and a centaur come into view.
Aim: an adder (resting)
The puff of flame hits the adder.
Aim: an adder (moderately wounded)
The puff of flame hits the adder.
Aim: an adder (almost dead)
The puff of flame hits the adder.
You kill the adder!
Aim: a centaur (resting)
The puff of flame hits the centaur.
The centaur shouts!
The centaur wields a shortbow.
The centaur shoots an arrow.
The arrow hits you!
Aim: a centaur, wielding a shortbow (moderately wounded)
The puff of flame misses the centaur.
The centaur shoots an arrow.
The arrow hits you!
* * * LOW HITPOINT WARNING * * *
The centaur shoots an arrow.
The arrow hits you.
* * * LOW HITPOINT WARNING * * *
Aim: a centaur, wielding a shortbow (moderately wounded)
The puff of flame hits the centaur.
The centaur shoots an arrow.
The arrow hits you!
* * * LOW HITPOINT WARNING * * *
Aim: a centaur, wielding a shortbow (heavily wounded)
The puff of flame hits the centaur.
The centaur shoots an arrow.
The arrow hits you!
You die...

######## #.#
#......###### #.#
#......#....###.#########
+........)..'...........>
#...........###.#.######
................#.#
........#########.#
........#########.#
.###+##.........@.# .#
#.....†.....# .#
#...........# .# #.
...%.....# .# .........#
.# .........# .#
.........# .# ...c.....#
.#


You could see a centaur.

Vanquished Creatures
  A bullfrog zombie (D:4)
  A hound (D:4)
  4 orc wizards
  An iguana (D:4)
  4 worker ants
  Robin (D:3)
  5 adders
  4 gnolls (D:4)
  3 oozes
  A worm (D:2)
  5 dart slugs
  4 leopard geckos
  22 orcs
  4 ball pythons
  5 giant cockroaches
  17 goblins
  10 hobgoblins
  3 jackals (D:3)
  10 kobolds
  5 quokkas
  7 bats
  3 frilled lizards
  7 rats
127 creatures vanquished.

Notes
Turn   | Place    | Note
-------+----------+-------------------------------------------
     0 | D:1      | Ignatius881 the Deep Elf Fire Elementalist began the quest for the Orb.
     0 | D:1      | Reached XP level 1. HP: 10/10 MP: 6/6
   220 | D:1      | Reached XP level 2. HP: 15/15 MP: 2/8
  1042 | D:2      | Reached XP level 3. HP: 19/19 MP: 3/9
  1098 | D:2      | Learned a level 2 spell: Throw Flame
  1102 | D:2      | Learned a level 3 spell: Conjure Flame
  1361 | D:2      | Found a shimmering altar of Xom.
  2711 | D:3      | Reached XP level 4. HP: 24/24 MP: 4/11
  2772 | D:3      | Learned a level 4 spell: Sticky Flame
  3554 | D:3      | Reached XP level 5. HP: 28/28 MP: 9/12
  3877 | D:3      | Found an ornate altar of the Wu Jian Council.
  4715 | D:3      | Noticed Robin
  4721 | D:3      | Reached skill level 5 in Fire Magic
  4877 | D:3      | Killed Robin
  4880 | D:3      | Reached XP level 6. HP: 32/32 MP: 0/14
  5459 | D:4      | Found a snail-covered altar of Cheibriados.
  6638 | D:4      | Reached skill level 5 in Spellcasting
  6766 | D:4      | Reached XP level 7. HP: 36/36 MP: 13/16
  6824 | D:4      | Found a staircase to the Ecumenical Temple.
  7441 | D:5      | Entered Level 5 of the Dungeon
  7449 | D:5      | Found Popliaf's Armour Shop.
  7508 | D:5      | Shot with an arrow by a centaur

Skill      XL: |  1  2  3  4  5  6 |
---------------+-------------------+-----
Dodging        | 3 |  3.8
Stealth        | 3 |  3.8
Conjurations   | 2 3 4 |  4.5
Fire Magic     | 4 5 |  5.6
Spellcasting   | 4 5 |  5.1

Action                   |  1- 3 |  4- 6 |  7- 9 || total
-------------------------+-------+-------+-------++-------
Melee: Unarmed           |    18 |       |       ||    18
 Cast: Flame Tongue      |    50 |    18 |       ||    68
       Throw Flame       |    33 |   166 |    17 ||   216
  Use: Scroll            |     6 |     3 |       ||     9
  Eat: Chunk             |     3 |    10 |       ||    13
       Ration            |     1 |     1 |     1 ||     3
Armor: Robe              |     8 |     6 |       ||    14
Dodge: Dodged            |    35 |    45 |       ||    80
